 Dungeon Crawl Stone Soup version 0.20.0-15-g7f486f2 (console) character file.

2098 jednooki the Insei (level 9, -2/57 HPs)
             Began as a Demonspawn Venom Mage on June 20, 2017.
             Was a Believer of Okawaru.
             Shot with an arrow by a centaur (14 damage)
             ... on level 7 of the Dungeon.
             The game lasted 00:26:01 (4191 turns).

jednooki the Insei (Demonspawn Venom Mage)          Turns: 4191, Time: 00:26:02

Health: -2/57      AC:  9    Str:  9    XL:     9   Next: 7%
Magic:  4/12       EV: 12    Int: 19    God:    Okawaru [**....]
Gold:   177        SH:  0    Dex: 14    Spells: 6/12 levels left

rFire    + . .     SeeInvis +   a - +2 quarterstaff (chaos)
rCold    . . .     Gourm    .   (shield currently unavailable)
rNeg     . . .     Faith    .   q - +0 robe
rPois    .         Spirit   .   (helmet unavailable)
rElec    .         Reflect  .   r - +2 cloak {MR+}
rCorr    .         Harm     .   (no gloves)
MR       +....                  (no boots)
Stlth    +++.......             (no amulet)
Regen    0.2/turn               e - ring of stealth (curse)
MPRegen  0.2/turn               o - +4 ring of protection

@: no status effects
A: antennae 3, claws 1, hooves 2, blurry vision 1, fire resistance 1, sense
surroundings 1
a: Heroism, Renounce Religion


You were on level 7 of the Dungeon.
You worshipped Okawaru.
Okawaru was pleased with you.
You were hungry.

You visited 2 branches of the dungeon, and saw 8 of its levels.

You collected 297 gold pieces.
You spent 120 gold pieces at shops.

Inventory:

Hand Weapons
 a - a +2 quarterstaff of chaos (weapon)
 s - a +1 hand axe of chopping
Missiles
 n - 5 tomahawks of returning (quivered)
 p - 35 sling bullets
 A - 38 poisoned needles
 F - 3 javelins
Armour
 q - a +0 robe (worn)
 r - a +2 cloak of magic resistance (worn)
Jewellery
 e - a cursed ring of stealth (left claw)
 m - an uncursed ring of positive energy
 o - a +4 ring of protection (right claw)
Wands
 E - a wand of disintegration (12/24)
Scrolls
 d - 2 scrolls of enchant weapon {unknown}
 g - 3 scrolls of amnesia {unknown}
 h - a scroll of recharging {unknown}
 i - a scroll of immolation {unknown}
 l - 5 scrolls of teleportation {unknown}
 w - a scroll of remove curse {unknown}
 y - 2 scrolls of identify
 B - a scroll of magic mapping {unknown}
 C - a scroll of fog {unknown}
 I - a scroll of fear {unknown}
Potions
 f - a potion of curing
 j - a potion of heal wounds
 k - a potion of brilliance
 v - a potion of invisibility
 x - 3 potions of flight
 G - a potion of resistance
Books
 b - a Young Poisoner's Handbook

   Spells                             Type                      Level
   a - Sting                          Conjuration/Poison           1
   b - Poisonous Vapours              Poison/Air                   2
   c - Mephitic Cloud                 Conjuration/Poison/Air       3
   d - Olgreb's Toxic Radiance        Poison                       4
   e - Venom Bolt                     Conjuration/Poison           5
Comestibles
 c - 4 bread rations
 t - 4 meat rations
 u - 4 fruits
 z - 3 royal jellies
 D - 3 chunks of flesh


   Skills:
 - Level 2.1 Dodging
 - Level 2.3 Stealth
 * Level 7.5 Unarmed Combat
 - Level 2.0 Spellcasting
 - Level 1.0 Conjurations
 + Level 4.9 Air Magic
 + Level 6.8 Poison Magic


You had 6 spell levels left.
You knew the following spells:

 Your Spells              Type           Power        Failure   Level  Hunger
a - Sting                 Conj/Pois      ###.         3%          1    #......
b - Poisonous Vapours     Pois/Air       ###...       2%          2    ###....
c - Mephitic Cloud        Conj/Pois/Air  ###.....     9%          3    ###....


Dungeon Overview and Level Annotations

Branches:
Dungeon (7/15)             Temple (1/1) D:6

Altars:
Ashenzari
Cheibriados
Dithmenos
Elyvilon
Fedhas
Gozag
Hepliaklqana
Kikubaaqudgha
Makhleb
Nemelex Xobeh
Okawaru
Qazlal
Ru
Sif Muna
Trog
Uskayaw
Vehumet
Xom
Yredelemnul
Zin
The Shining One

Shops:
D:2 *   D:4 =*!(


Innate Abilities, Weirdness & Mutations

You have a pair of large antennae on your head. (SInv)
You have sharp fingernails.
You have hoof-like feet.
Scrolls take you a little longer to read.
Your flesh is heat resistant. (rF+)
You passively map a small area around you.


Message History

You writhe in agony.
* * * LOW HITPOINT WARNING * * *
You hit the gnoll sergeant. You drain the gnoll sergeant!
Your kick misses the gnoll sergeant.
The gnoll sergeant is moderately wounded.
The gnoll sergeant closely misses you.
You barely miss the gnoll sergeant.
You kick the gnoll sergeant, but do no damage.
The gnoll sergeant is moderately wounded.
The gnoll sergeant misses you.
You closely miss the gnoll sergeant. Your kick misses the gnoll sergeant.
The gnoll sergeant is moderately wounded.
The centaur wields an uncursed shortbow.
The centaur shoots an arrow.
The arrow barely misses you.
The gnoll sergeant hits you with a spear of pain.
* * * LOW HITPOINT WARNING * * *
You writhe in agony.
* * * LOW HITPOINT WARNING * * *
The centaur shoots an arrow.
The arrow hits you!
You die...

#.........# .....................
#.........##.#.................>.
#........................#.......
#.....##.##............?.##......
#####........####....#...##......
#........####.......#*#......
#................#.####......
#........###g..........#..... *
#.......c...@..(............. . ,
#.........#..................
...##.(.......†...#....####..####
.................##....# #...##
.......(>.####....#########....##
....#...#.# *.................%..
........c.....................)..
....#...#...#...#...#.#.#####.###
.....#.#...#.#...#.#..#. #.# #


You could see a gnoll sergeant and a centaur.

Vanquished Creatures
  The ghost of Darkins the Carver, a novice HuGl of Okawaru (D:7)
  The ghost of Wabnappa the Slasher, an amateur DsGl (D:4)
  A necrophage (D:7)
  An orc warrior (D:6)
  A centaur (D:6)
  5 ogres
  A big kobold (D:7)
  A killer bee (D:7)
  A wight (D:7)
  A howler monkey (D:5)
  A crimson imp (D:5)
  2 hounds
  A bullfrog skeleton (D:5)
  Crazy Yiuf (D:2)
  An iguana (D:7)
  2 worker ants (D:7)
  A hound skeleton (D:4)
  4 adders
  4 gnolls (D:6)
  A shadow imp (D:6)
  An ooze (D:2)
  An adder skeleton (D:7)
  5 worms
  4 dart slugs
  2 leopard geckos
  12 orcs
  A ball python (D:6)
  10 bats
  4 giant cockroaches
  7 goblins
  8 hobgoblins
  4 jackals
  4 kobolds
  A quokka (D:3)
  4 frilled lizards (D:3)
  4 quokka skeletons
  A quokka zombie (D:7)
  6 rats
111 creatures vanquished.

Notes
Turn   | Place    | Note
-------+----------+-------------------------------------------
     0 | D:1      | jednooki the Demonspawn Venom Mage began the quest for the Orb.
     0 | D:1      | Reached XP level 1. HP: 13/13 MP: 3/3
   286 | D:1      | Gained mutation: You have large cloven feet. [demonic ancestry]
   286 | D:1      | Reached XP level 2. HP: 19/19 MP: 0/5
   334 | D:1      | Learned a level 2 spell: Poisonous Vapours
   894 | D:1      | Reached XP level 3. HP: 19/24 MP: 3/6
  1128 | D:2      | Found Zin's Purification Station.
  1128 | D:2      | Found a glowing silver altar of Zin.
  1192 | D:2      | Learned a level 3 spell: Mephitic Cloud
  1246 | D:2      | Reached skill level 1 in Unarmed Combat
  1618 | D:2      | Found a runed door.
  1633 | D:2      | Noticed Crazy Yiuf
  1647 | D:2      | Killed Crazy Yiuf
  1647 | D:2      | Reached XP level 4. HP: 30/30 MP: 1/7
  1908 | D:3      | Reached skill level 2 in Unarmed Combat
  1908 | D:3      | Reached skill level 1 in Air Magic
  2275 | D:4      | Found Vunuut's General Store.
  2295 | D:4      | Gained mutation: You have a pair of small antennae on your head. [demonic ancestry]
  2295 | D:4      | Reached XP level 5. HP: 35/35 MP: 6/8
  2333 | D:4      | Found Leps's Jewellery Boutique.
  2416 | D:4      | Found Kihif's Weapon Shop.
  2444 | D:4      | Found Gigrud's Distillery.
  2453 | D:4      | Bought a potion of heal wounds for 50 gold pieces
  2453 | D:4      | Bought a potion of might for 40 gold pieces
  2453 | D:4      | Bought a potion of curing for 30 gold pieces
  2473 | D:4      | Noticed Wabnappa's ghost (amateur DsGl)
  2490 | D:4      | Killed Wabnappa's ghost
  2490 | D:4      | Reached skill level 3 in Unarmed Combat
  2490 | D:4      | Gained mutation: You have a pair of antennae on your head. [demonic ancestry]
  2490 | D:4      | Reached XP level 6. HP: 12/41 MP: 9/9
  2740 | D:5      | Entered Level 5 of the Dungeon
  2898 | D:5      | Reached skill level 4 in Unarmed Combat
  2992 | D:5      | Gained mutation: Your flesh is heat resistant. (rF+) [potion of mutation]
  2992 | D:5      | Gained mutation: Scrolls take you a little longer to read. [potion of mutation]
  2992 | D:5      | Gained mutation: You have a pair of large antennae on your head. (SInv) [potion of mutation]
  2992 | D:5      | Gained mutation: You passively map a small area around you. [potion of mutation]
  3163 | D:6      | Gained mutation: You have sharp fingernails. [demonic ancestry]
  3163 | D:6      | Reached XP level 7. HP: 46/46 MP: 10/10
  3239 | D:6      | Found a stormy altar of Qazlal.
  3245 | D:6      | Reached skill level 5 in Poison Magic
  3387 | D:6      | Found a staircase to the Ecumenical Temple.
  3397 | Temple   | Entered the Ecumenical Temple
  3415 | Temple   | Became a worshipper of Warmaster Okawaru
  3647 | D:6      | Found a glowing golden altar of the Shining One.
  3664 | D:6      | Found a white marble altar of Elyvilon.
  3668 | D:6      | Found a hide-covered altar of Uskayaw.
  3668 | D:6      | Found a snail-covered altar of Cheibriados.
  3670 | D:6      | Found a radiant altar of Vehumet.
  3673 | D:6      | Found a burning altar of Makhleb.
  3719 | D:6      | Reached skill level 5 in Unarmed Combat
  3844 | D:7      | Noticed Darkins's ghost (novice HuGl)
  3911 | D:7      | Gained mutation: You have hoof-like feet. [demonic ancestry]
  3911 | D:7      | Reached XP level 8. HP: 21/52 MP: 5/11
  4000 | D:7      | Killed Darkins's ghost
  4000 | D:7      | Reached * piety under Okawaru
  4000 | D:7      | Reached skill level 6 in Unarmed Combat
  4021 | D:7      | Reached ** piety under Okawaru
  4021 | D:7      | Reached skill level 7 in Unarmed Combat
  4117 | D:7      | Reached XP level 9. HP: 40/57 MP: 12/12
  4180 | D:7      | HP: 1/57 [killer bee (6)]
  4191 | D:7      | Shot with an arrow by a centaur

Skill      XL: |  1  2  3  4  5  6  7  8 |
---------------+-------------------------+-----
Stealth        | 2 |  2.3
Dodging        | 2 |  2.1
Unarmed Combat | 1 2 3 4 5 7 |  7.5
Poison Magic   | 4 5 6 |  6.8
Air Magic      | 1 2 3 4 |  4.9
Spellcasting   | |  2.0
Conjurations   | |  1.0

Action                   |  1- 3 |  4- 6 |  7- 9 || total
-------------------------+-------+-------+-------++-------
Melee: Unarmed           |    55 |       |       ||    55
       Mace              |    40 |       |       ||    40
       Kick              |    18 |     5 |    33 ||    56
       Quarterstaff      |       |    79 |   107 ||   186
 Cast: Sting             |    85 |    49 |    20 ||   154
       Poisonous Vapours |     1 |       |    20 ||    21
       Mephitic Cloud    |       |       |     2 ||     2
  Use: Potion            |     2 |     3 |     8 ||    13
       Scroll            |       |     6 |     2 ||     8
 Stab: Sleeping          |     4 |     3 |       ||     7
  Eat: Chunk             |     2 |     4 |     6 ||    12
       Royal jelly       |     1 |       |       ||     1
Armor: Robe              |    22 |    33 |    24 ||    79
       Skin              |       |    12 |       ||    12
Dodge: Dodged            |    84 |    37 |    89 ||   210
